 Dungeon Crawl Stone Soup version 0.23.0 (webtiles) character file.

Game seed: 13776499852283548905

4408 poirepourri the Thaumaturge (level 10, -3/60 HPs)
             Began as a Deep Elf Conjurer on Feb 13, 2019.
             Was a Believer of Vehumet.
             Splashed by a kobold's acid (8 damage)
             ... on level 8 of the Dungeon.
             The game lasted 00:16:03 (11680 turns).

poirepourri the Thaumaturge (Deep Elf Conjurer)    Turns: 11680, Time: 00:16:04

Health: -3/60      AC:  9    Str:  9    XL:     10   Next: 14%
Magic:  0/28       EV: 15    Int: 24    God:    Vehumet [**....]
Gold:   238        SH:  3    Dex: 24    Spells: 11/33 levels left

rFire    + . .     SeeInvis .   n - +3 dagger "Qatrimn" {protect, rC+ Str+4 Dex+9}
rCold    . . .     Gourm    .   (no shield)
rNeg     . . .     Faith    .   a - +1 robe
rPois    +         Spirit   .   y - +0 helmet (curse)
rElec    .         Reflect  +   q - +0 cloak
rCorr    .         Harm     .   m - +1 pair of gloves
MR       +....                  k - +1 pair of boots
Stlth    +++.......             p - +3 amulet of reflection
HPRegen  0.20/turn              l - ring of fire
MPRegen  0.21/turn              i - ring of poison resistance

@: no status effects
A: no striking features
a: Renounce Religion


You were on level 8 of the Dungeon.
You worshipped Vehumet.
Vehumet was pleased with you.
You were not hungry.

You visited 2 branches of the dungeon, and saw 9 of its levels.

You collected 499 gold pieces.
You spent 261 gold pieces at shops.

Inventory:

Hand Weapons
 n - the +3 dagger "Qatrimn" (weapon) {protect, rC+ Str+4 Dex+9}
   (You found it on level 4 of the Dungeon)

   It protects the one who uses it against injury (+AC on strike).
   It affects your strength (+4).
   It affects your dexterity (+9).
   It protects you from cold.
Missiles
 d - 5 throwing nets (quivered)
Armour
 a - a +1 robe (worn)
 g - a +0 buckler
 k - a +1 pair of boots (worn)
 m - a +1 pair of gloves (worn)
 q - a +0 cloak (worn)
 y - a cursed +0 helmet (worn)
Jewellery
 i - a ring of poison resistance (right hand)
 l - a ring of fire (left hand)
 p - a +3 amulet of reflection (around neck)
 z - an uncursed ring of protection from fire {unknown}
 A - an uncursed ring of wizardry
Wands
 e - a wand of iceblast (18)
Scrolls
 f - 2 scrolls of remove curse
 h - 3 scrolls of teleportation
 s - a scroll of fear {unknown}
 w - 2 scrolls of magic mapping {unknown}
 x - a scroll of enchant weapon
Potions
 b - 4 potions of mutation
 j - 2 potions of agility
 o - a potion of lignification
 r - 2 potions of resistance
 u - a potion of heal wounds
 v - 2 potions of flight
 B - a potion of curing {unknown}
Comestibles
 c - 12 rations


   Skills:
 - Level 6.1 Fighting
 - Level 2.2 Short Blades
 - Level 4.2 Dodging
 - Level 2.4 Stealth
 * Level 5.4 Shields
 - Level 12.2 Spellcasting
 - Level 6.2 Conjurations


You had 11 spell levels left.
You knew the following spells:

 Your Spells              Type           Power        Failure   Level  Hunger
a - Magic Dart            Conj           ####         1%          1    None
b - Searing Ray           Conj           #####.       1%          2    None
c - Dazzling Spray        Conj/Hex       ####..       3%          3    None
d - Iskenderun's Mystic   Conj           #####...     3%          4    None
e - Force Lance           Conj/Tloc      ####....     12%         4    None
f - Fulminant Prism       Conj/Hex       ####......   12%         4    None
g - Flame Tongue          Conj/Fire      #####        1%          1    None
h - Stone Arrow           Conj/Erth      ####..       3%          3    None

Your spell library contained the following spells:

 Spells                   Type           Power        Failure   Level  Hunger
 Conjure Flame            Conj/Fire      #####...     3%          3    None
 Shock                    Conj/Air       ####         1%          1    None
 Static Discharge         Conj/Air       ####....     3%          3    None
 Sandblast                Erth           ##....       4%          1    None
 Passwall                 Tmut/Erth      ##......     6%          2    None
 Swiftness                Chrm/Air       ##......     6%          2    None
 Lightning Bolt           Conj/Air       ####......   32%         5    ###....
 Airstrike                Air            ##........   38%         4    None
 Petrify                  Tmut/Erth      ##......     38%         4    None
 Lee's Rapid Deconstruct  Erth           ##........   75%         5    ###....


Dungeon Overview and Level Annotations

Branches:
Dungeon (8/15)             Temple (1/1) D:6            Lair (0/6) D:8

Altars:
Ashenzari
Cheibriados
Dithmenos
Elyvilon
Fedhas
Gozag
Hepliaklqana
Kikubaaqudgha
Makhleb
Nemelex Xobeh
Okawaru
Qazlal
Ru
Sif Muna
Trog
Uskayaw
Vehumet
Wu Jian
Xom
Yredelemnul
Zin
The Shining One

Shops:
D:6 *

Annotations:
D:5 Pikel


Message History

The kobold zaps a wand.
The bolt of acid hits you!
You are splashed with acid!
Casting: Magic Dart (safe; 1% risk of failure)
Confirm with . or Enter, or press ? or * to list all spells.
Aiming: Magic Dart (safe; 1% risk of failure)
Press: ? - help, Shift-Dir - straight line, f/p - kobold
Aim: a kobold, wielding a +0 whip and carrying a wand of acid (10)
The magic dart hits the kobold.
The kobold is heavily wounded.
The kobold zaps a wand.
The bolt of acid misses you.
Casting: Magic Dart (safe; 1% risk of failure)
Confirm with . or Enter, or press ? or * to list all spells.
Aiming: Magic Dart (safe; 1% risk of failure)
Press: ? - help, Shift-Dir - straight line, f/p - kobold
Aim: a kobold, wielding a +0 whip and carrying a wand of acid (9) (heavily wounded)
The magic dart hits the kobold.
The kobold is severely wounded.
The kobold zaps a wand.
The bolt of acid hits you!!
* * * LOW HITPOINT WARNING * * *
You are splashed with acid!
You die...

..#############..#
..# #........# ..#
#.#####.># ..# ..
#..# ..# #.#.#K.#
..# #......# ###
#.....##.# #..<..
#.# ##### ...).
#@# ....# ###.#
#.# ###.# KK #.# #
#.# ## #.# # #.#
#.# # #.# #.#
###.# #.. ....#
### #####


You could see a kobold.

Vanquished Creatures
  A two-headed ogre (D:8)
  2 hippogriffs (D:7)
  Sigmund (D:5)
  Eustachio (D:5)
  2 yaks (D:8)
  An ice beast (D:8)
  3 porcupines (D:8)
  A black bear (D:8)
  An ogre (D:7)
  2 slaves (D:5)
  3 orc warriors
  A crocodile (D:7)
  5 bullfrogs
  A water moccasin zombie (D:6)
  4 scorpions
  2 howler monkeys
  3 crimson imps
  A bullfrog zombie (D:8)
  4 hounds
  A jelly (D:7)
  8 orc wizards
  Crazy Yiuf (D:5)
  3 orc priests
  3 gnoll shamans
  An iguana (D:5)
  Natasha (thrice) (D:3)
  4 worker ants
  A hound zombie (D:5)
  A hound skeleton (D:4)
  17 gnolls
  8 adders
  A shadow imp (D:5)
  An ooze (D:7)
  A worm (D:2)
  4 leopard geckos
  19 orcs
  9 bats
  A giant cockroach (D:1)
  3 hobgoblins
  13 jackals
  13 kobolds
  5 quokkas
  3 ball pythons
  7 frilled lizards
  8 goblins
  A jackal zombie (D:7)
  A leopard gecko skeleton (D:5)
  2 quokka skeletons
  6 rats
  A fungus (D:8)
  A plant (D:8)
190 creatures vanquished.

Vanquished Creatures (others)
  A fulminant prism (D:7)
  46 fungi (D:8)
  28 plants (D:8)
75 creatures vanquished.

Grand Total: 265 creatures vanquished

Notes
Turn   | Place    | Note
-------+----------+-------------------------------------------
     0 | D:1      | poirepourri the Deep Elf Conjurer began the quest for the
                  | Orb.
     0 | D:1      | Reached XP level 1. HP: 10/10 MP: 6/6
   251 | D:1      | Reached skill level 4 in Spellcasting
   251 | D:1      | Reached XP level 2. HP: 15/15 MP: 3/9
   400 | D:1      | Learned a level 2 spell: Searing Ray
  1007 | D:2      | Reached skill level 5 in Spellcasting
  1007 | D:2      | Reached XP level 3. HP: 19/19 MP: 1/11
  1269 | D:2      | Found an ancient bone altar of Kikubaaqudgha.
  1366 | D:2      | Learned a level 3 spell: Dazzling Spray
  1984 | D:3      | Found a glowing golden altar of the Shining One.
  1986 | D:3      | Noticed Natasha
  1992 | D:3      | Killed Natasha
  1992 | D:3      | Reached skill level 6 in Spellcasting
  1992 | D:3      | Reached XP level 4. HP: 24/24 MP: 9/14
  2144 | D:3      | Learned a level 4 spell: Iskenderun's Mystic Blast
  2209 | D:3      | Found a faded altar of an unknown god.
  2514 | D:3      | Learned a level 4 spell: Force Lance
  2688 | D:3      | Noticed Natasha
  2708 | D:3      | Killed Natasha
  2708 | D:3      | Reached skill level 7 in Spellcasting
  2708 | D:3      | Reached XP level 5. HP: 22/28 MP: 0/16
  2775 | D:3      | Learned a level 4 spell: Fulminant Prism
  3046 | D:3      | Found a radiant altar of Vehumet.
  3142 | D:3      | Noticed Natasha
  3147 | D:3      | Killed Natasha
  3336 | D:3      | Became a worshipper of Vehumet
  3476 | D:4      | Reached skill level 8 in Spellcasting
  3700 | D:4      | Found a glowing silver altar of Zin.
  3703 | D:4      | Found a snail-covered altar of Cheibriados.
  3704 | D:4      | Found a sparkling altar of Nemelex Xobeh.
  4030 | D:4      | Reached XP level 6. HP: 30/32 MP: 11/19
  4346 | D:4      | Found a hazy altar of Hepliaklqana.
  4363 | D:4      | Found a deep blue altar of Sif Muna.
  4375 | D:4      | Reached skill level 9 in Spellcasting
  4712 | D:5      | Entered Level 5 of the Dungeon
  4749 | D:5      | Found an iron altar of Okawaru.
  4806 | D:4      | Got a faintly glowing dagger
  4807 | D:4      | Identified the +3 dagger "Qatrimn" {protect, rC+ Str+4
                  | Dex+9} (You found it on level 4 of the Dungeon)
  4861 | D:5      | Noticed Eustachio
  5696 | D:5      | Reached skill level 5 in Conjurations
  5823 | D:5      | Reached XP level 7. HP: 36/36 MP: 17/22
  5930 | D:5      | Noticed Pikel
  6396 | D:5      | Killed Eustachio
  6739 | D:5      | Noticed Sigmund
  6747 | D:5      | Killed Sigmund
  6747 | D:5      | Reached * piety under Vehumet
  6747 | D:5      | Offered knowledge of Flame Tongue by Vehumet.
  6747 | D:5      | Reached skill level 10 in Spellcasting
  7247 | D:5      | Learned a level 1 spell: Flame Tongue
  7391 | D:5      | Found a runed translucent door.
  7392 | D:5      | Noticed Crazy Yiuf
  7568 | D:5      | Killed Crazy Yiuf
  7568 | D:5      | Reached skill level 11 in Spellcasting
  7674 | D:6      | Reached XP level 8. HP: 41/41 MP: 9/25
  7779 | D:6      | Found an opulent altar of Gozag.
  8005 | D:6      | Found a staircase to the Ecumenical Temple.
  8022 | Temple   | Entered the Ecumenical Temple
  8684 | D:6      | Found Yjy Wyts's Assorted Antiques.
  8690 | D:6      | Reached skill level 12 in Spellcasting
  8728 | D:6      | Bought a scroll of teleportation for 81 gold pieces
  8728 | D:6      | Bought a scroll labeled EHOAKU TAFOO for 27 gold pieces
  8728 | D:6      | Bought a scroll of identify for 54 gold pieces
  8728 | D:6      | Bought 2 metallic coppery potions for 48 gold pieces
  8728 | D:6      | Bought a smoky black potion for 24 gold pieces
  8728 | D:6      | Bought a scroll labeled KUDALI DEIL for 27 gold pieces
  8983 | D:7      | Noticed a hippogriff
  9061 | D:6      | Reached skill level 1 in Fighting
  9349 | D:7      | Offered knowledge of Shock by Vehumet.
  9355 | D:7      | Learned a level 3 spell: Stone Arrow
  9598 | D:7      | Killed a hippogriff
  9719 | D:7      | Reached ** piety under Vehumet
  9796 | D:7      | Reached XP level 9. HP: 51/52 MP: 9/27
  9857 | D:7      | Found a stormy altar of Qazlal.
  9865 | D:7      | Found a shattered altar of Ashenzari.
  9903 | D:7      | Reached skill level 5 in Fighting
 10316 | D:7      | Reached skill level 1 in Short Blades
 11150 | D:8      | Reached skill level 1 in Shields
 11543 | D:8      | Found a staircase to the Lair.
 11547 | D:8      | Noticed a two-headed ogre
 11572 | D:8      | Offered knowledge of Conjure Flame by Vehumet.
 11590 | D:8      | Killed a two-headed ogre
 11590 | D:8      | Reached skill level 5 in Shields
 11590 | D:8      | Reached XP level 10. HP: 53/60 MP: 1/28
 11680 | D:8      | Splashed by a kobold's acid

Skill      XL: |  1  2  3  4  5  6  7  8  9 |
---------------+----------------------------+-----
Spellcasting   | 4 5 6 7 8 9 11 12 | 12.2
Conjurations   | 5 6 |  6.2
Fighting       | 4 6 |  6.1
Short Blades   | 2 |  2.2
Dodging        | 4 |  4.2
Shields        | 5 |  5.4
Stealth        | |  2.4

Action                   |  1- 3 |  4- 6 |  7- 9 | 10-12 || total
-------------------------+-------+-------+-------+-------++-------
Melee: Short sword       |     2 |     1 |       |       ||     3
       Dagger            |       |     5 |    36 |       ||    41
 Cast: Magic Dart        |    82 |    43 |    15 |     3 ||   143
       Searing Ray       |     5 |    35 |    32 |       ||    72
       Iskenderun's Myst |       |    13 |    98 |     2 ||   113
       Dazzling Spray    |       |       |    19 |     4 ||    23
       Force Lance       |       |       |     8 |       ||     8
       Stone Arrow       |       |       |    10 |       ||    10
       Fulminant Prism   |       |       |     1 |       ||     1
Evoke: Wand              |       |       |       |     1 ||     1
  Use: Scroll            |     9 |     7 |     7 |       ||    23
       Potion            |       |       |     2 |       ||     2
 Stab: Invisible         |       |       |     2 |       ||     2
  Eat: Ration            |     1 |     4 |     5 |       ||    10
Armor: Robe              |    10 |    17 |    30 |     1 ||    58
Dodge: Dodged            |    21 |    46 |    66 |     4 ||   137
Block: Other             |       |     8 |     7 |     2 ||    17
